 Dungeon Crawl Stone Soup version 0.26-b1-32-g5d43845318 (webtiles) character file.

Game seed: 3025066455142933308

165 Borgoz the Skirmisher (level 5, -2/46 HPs)
             Began as a Ghoul Monk on Jan 13, 2021.
             Killed from afar by an orc wizard (3 damage)
             ... with a puff of flame
             ... on level 3 of the Dungeon.
             The game lasted 00:02:36 (3322 turns).

Borgoz the Skirmisher (Ghoul Monk)                  Turns: 3322, Time: 00:02:37

Health: -2/46      AC:  4    Str: 16    XL:     5   Next: 46%
Magic:  4/4        EV: 13    Int:  5    God:
Gold:   116        SH:  0    Dex: 11    Spells: 4/4 levels left

rFire    . . .     SeeInvis .   a - +0 falchion
rCold    + . .     Faith    .   (no shield)
rNeg     + + +     Spirit   .   f - +0 robe
rPois    ∞         Reflect  .   (no helmet)
rElec    .         Harm     .   (no cloak)
rCorr    .         Rampage  .   m - +0 pair of gloves
Will     .....                  h - +0 pair of boots (curse)
Stlth    ++........             (no amulet)
HPRegen  0.00/turn              (no ring)
MPRegen  0.09/turn              (no ring)

@: flying
A: claws 1, cold resistance 1, negative energy resistance 3, inhibited
regeneration, torment resistance, unbreathing
a: no special abilities


You were on level 3 of the Dungeon.
You visited 1 branch of the dungeon, and saw 4 of its levels.

You collected 116 gold pieces.

Inventory:

Hand Weapons
 a - a +0 falchion (weapon)
 b - a +0 short sword of venom
Armour
 f - a +0 robe (worn)
 h - a cursed +0 pair of boots (worn)
 m - a +0 pair of gloves (worn)
Scrolls
 d - a scroll of fog {unknown}
 e - a scroll of enchant weapon {unknown}
 g - 3 scrolls of identify {unknown}
 i - a scroll of teleportation {unknown}
 k - a scroll of remove curse {unknown}
 l - a scroll of magic mapping {unknown}
 n - a scroll of immolation {unknown}


   Skills:
 + Level 3.9 Fighting
 * Level 3.6 Long Blades
 * Level 2.1 Armour
 * Level 3.7 Dodging
 - Level 2.1 Stealth


You had 4 spell levels left.
You didn't know any spells.
Your spell library was empty.

Dungeon Overview and Level Annotations

Branches:
Dungeon (4/15)
 Temple: D:4-7

Altars:
Nemelex Xobeh
Yredelemnul


Innate Abilities, Weirdness & Mutations

You thrive by killing the living.
You are immune to poison.
You have sharp fingernails.
Your flesh is cold resistant. (rC+)
You are immune to negative energy. (rN+++)
You do not regenerate when monsters are visible.
You are immune to unholy pain and torment.
You can survive without breathing.


Message History

Something hits you but does no damage.
You fly upwards.
Reactivating autopickup.
There is a stone staircase leading down here.
You start resting.
Something hits you.
* * * LOW HITPOINT WARNING * * *
Deactivating autopickup; reactivate with Ctrl-A.
Something hits you.
* * * LOW HITPOINT WARNING * * *
You hear some strange, mumbled words.
A magic dart appears from out of thin air!
The magic dart hits you.
* * * LOW HITPOINT WARNING * * *
Something hits you but does no damage. Something hits you but does no damage.
You miss something.
You hear some strange, mumbled words.
A puff of flame appears from out of thin air!
The puff of flame hits you.
You die...

#.###########.# #. #.# #.# #. #.#
#.# #. ######
#.###########.######. .....#
#.##...............#. .....######
#.##............##.#. ..........#
#.##............##.#. ..........#
#.##............##.#. ..........#
#...@>..........##.#. ..........#
#.##{...........##.#. .......)..#
#.##............##.#. ..........#
#...............##.#.
..........######............##.#.
...............................#.
#.#######.....#..............###.
..#..............................
###.#####.#.####.............####


There were no monsters in sight!

Vanquished Creatures
  A jelly (D:3)
  3 adders
  2 worms (D:2)
  4 dart slugs
  2 leopard geckos
  3 orcs (D:4)
  2 ball pythons (D:3)
  11 bats
  6 giant cockroaches
  8 goblins
  11 hobgoblins
  10 jackals
  8 kobolds
  A quokka (D:2)
  3 frilled lizards
  6 rats
81 creatures vanquished.

Notes
Turn   | Place    | Note
-------+----------+-------------------------------------------
     0 | D:1      | Borgoz the Ghoul Monk began the quest for the Orb.
     0 | D:1      | Reached XP level 1. HP: 19/19 MP: 0/0
   148 | D:1      | Reached XP level 2. HP: 23/26 MP: 1/1
   300 | D:1      | You fall into a shaft and drop 1 floor!
   335 | D:2      | Reached skill level 1 in Armour
   378 | D:1      | Reached XP level 3. HP: 23/31 MP: 2/2
  1197 | D:2      | Reached XP level 4. HP: 37/38 MP: 3/3
  1499 | D:2      | Found a faded altar of an unknown god.
  1900 | D:2      | Found a sparkling altar of Nemelex Xobeh.
  2284 | D:3      | Found a basalt altar of Yredelemnul.
  2304 | D:3      | Reached XP level 5. HP: 25/46 MP: 4/4
  3320 | D:3      | HP: 1/46 [something/magic dart (3)]
  3322 | D:3      | Killed from afar by an orc wizard

Illustrated notes

Levels and vault maps discovered:
D:1:      mrwooster_arrival_statue, layout_basic
D:2:      layout_basic, nemelex_xobeh_ov_fountains_minmay, serial_aquarium,
          aquarium_bridge_square [aquarium_subvault_wall,
          aquarium_subvault_bridge, aquarium_subvault_wall,
          aquarium_subvault_window], aquarium_window_corner, aquarium_window_1,
          aquarium_window_fake, aquarium_view_2f, aquarium_view_2b,
          aquarium_pool_side, chequers_ecumenical_altar_simple
D:3:      layout_basic, lemuel_doored_altar
D:4:      layout_basic, nicolae_qazlal_general_emergency,
          lemuel_temple_firewalk_a

Skill      XL: |  1  2  3  4 |
---------------+-------------+-----
Long Blades    | 3 |  3.6
Armour         | 1 2 |  2.1
Dodging        | 3 |  3.7
Fighting       | |  3.9
Stealth        | |  2.1

Action                   |  1- 3 |  4- 6 || total
-------------------------+-------+-------++-------
Melee: Falchion          |   105 |   178 ||   283
  Use: Potion            |       |     2 ||     2
 Stab: Sleeping          |     3 |     4 ||     7
Armor: Robe              |    34 |    59 ||    93
Dodge: Dodged            |   104 |   125 ||   229
       Rpst.: Falchion   |    39 |    35 ||    74
